 Dungeon Crawl Stone Soup version 0.31-a0-858-g469dc525a8 (webtiles) character file.

Game seed: 2634804914453007300

1112 BinkBink the Shield-Bearer (level 8, -6/51 HPs)
             Began as a Gargoyle Fighter on Oct 9, 2023.
             Was an Initiate of Hepliaklqana.
             Mangled by an orc knight
             ... wielding a +0 trident
              (14 damage)
             ... in a bailey.
             The game lasted 00:09:17 (6016 turns).

BinkBink the Shield-Bearer (Gargoyle Fighter)       Turns: 6016, Time: 00:09:17

Health: -6/51      AC: 19    Str: 20 (22) XL:     8   Next: 33%
Magic:  8/8        EV:  5    Int:  7 (9)  God:    Hepliaklqana [......]
Gold:   394        SH:  7    Dex:  8 (9)  Spells: 7/7 levels left

rFire   + + .        a - +0 flail
rCold   + . .        H - -1 kite shield of Somewhere Else {rF+ Slay+2}
rNeg    + . .        I - +1 plate armour {rF+}
rPois   ∞            (no helmet)
rElec   +            v - scarf {+Inv}
rCorr   .            (no gloves)
SInv    .            (no boots)
Will    .....        (no amulet) Stlth
                     k - +4 ring of slaying
HPRegen 0.28/turn    h - ring of protection from cold
MPRegen 0.11/turn

%: no passive effects
@: no status effects
A: sickness immunity, AC +5, negative energy resistance 1, electricity
resistance, torment resistance 1, petrification resistance
a: Renounce Religion, Evoke Invisibility


You were in a bailey.
You worshipped Hepliaklqana.
Hepliaklqana was noncommittal.
You visited 2 branches of the dungeon, and saw 8 of its levels.
You also visited: Bailey.

You collected 394 gold pieces.

Inventory:

Hand Weapons
 a - a +0 flail (weapon)
Missiles
 o - 3 throwing nets
Armour
 b - a +0 scale mail
 c - a +0 buckler
 v - a scarf of invisibility (worn)
 H - the -1 kite shield of Somewhere Else (worn) {rF+ Slay+2}
   (You took it off an orc in a bailey)

   Slay+2:    It affects your accuracy & damage with ranged weapons and melee
   (+2).
   rF+:       It protects you from fire.
 I - a +1 plate armour of fire resistance (worn)
Jewellery
 h - a ring of protection from cold (right hand)
 k - a +4 ring of slaying (left hand)
 F - a ring of resist corrosion
Wands
 t - a wand of mindburst (16)
 E - a wand of polymorph (14)
Scrolls
 e - 2 scrolls of vulnerability {unknown}
 f - 5 scrolls of identify {unknown}
 g - 3 scrolls of teleportation {unknown}
 i - 3 scrolls of fear {unknown}
 j - a scroll of enchant armour {unknown}
 l - 3 scrolls of revelation {unknown}
 s - a scroll of immolation {unknown}
 u - a scroll of silence {unknown}
 y - 2 scrolls of acquirement {unknown}
 B - a scroll of fog {unknown}
 C - a scroll of amnesia {unknown}
 G - a scroll of blinking {unknown}
Potions
 m - a potion of degeneration
 p - a potion of lignification
 r - a potion of resistance {unknown}
 w - 2 potions of curing
 x - a potion of haste {unknown}
 z - a potion of brilliance
 A - a potion of magic {unknown}
 D - a potion of enlightenment {unknown}


   Skills:
 * Level 5.8 Fighting
 * Level 4.8 Maces & Flails
 * Level 5.9 Armour
 + Level 2.4 Dodging
 * Level 5.9 Shields


You had 7 spell levels left.
You didn't know any spells.
Your spell library contained the following spells:

 Spells                   Type           Power      Damage    Failure   Level
 Sting                    Tmut/Pois      0%         1d3       100%        1
 Lesser Beckoning         Tloc           0%         N/A       100%        2
 Poisonous Vapours        Pois/Air       0%         N/A       100%        2
 Gell's Gravitas          Tloc           0%         N/A       100%        3
 Teleport Other           Tloc           0%         N/A       100%        3
 Olgreb's Toxic Radiance  Pois           0%         N/A       100%        4


Dungeon Overview and Level Annotations

Branches:
Dungeon (8/15)             Temple (1/1) D:5          Bailey (1/1)
   Lair: D:8-11

Altars:
Ashenzari
Dithmenos
Fedhas
Gozag
Hepliaklqana
Makhleb
Sif Muna
Trog
Uskayaw
Vehumet
Yredelemnul
Zin
The Shining One


Innate Abilities, Weirdness & Mutations

You are immune to sickness and miasma.
Your stone body is resilient. (AC +5)
You are immune to poison.
You resist negative energy. (rN+)
You are resistant to electric shocks. (rElec)
You are resistant to unholy torment.
You are immune to petrification.


Message History

You hit the orc knight.
The orc knight is moderately wounded.
The orc knight hits you but does no damage.
You hit the orc knight.
The orc knight is moderately wounded.
The orc knight hits you but does no damage.
You barely miss the orc knight.
The orc knight is moderately wounded.
The orc knight hits you but does no damage. x2
You sock the orc knight!
The orc knight is heavily wounded.
You block the orc knight's attack.
You hit the orc knight but do no damage.
The orc knight is heavily wounded.
The orc knight hits you with a +0 trident!
You sock the orc knight!
The orc knight is severely wounded.
The orc knight hits you but does no damage.
You thump the orc knight!
The orc knight is severely wounded.
The orc knight hits you with a +0 trident!
* * * LOW HITPOINT WARNING * * *
The orc knight hits you but does no damage.
You barely miss the orc knight.
The orc knight is severely wounded.
The orc knight hits you with a +0 trident.
* * * LOW HITPOINT WARNING * * *
You hit the orc knight.
The orc knight is almost dead.
The orc knight hits you with a +0 trident.
* * * LOW HITPOINT WARNING * * *
You hit the orc knight.
The orc knight is almost dead.
You block the orc knight's attack.
The orc knight hits you with a +0 trident.
* * * LOW HITPOINT WARNING * * *
You closely miss the orc knight.
The orc knight is almost dead.
The orc knight hits you with a +0 trident!
You die...

#.~..## #..§≈§≈≈≈≈ #.~~..##
#..≈≈§§...≈ #∩.~~..#
#......⌠∩⌠..
##.~~..#+#..≈≈...⌠.§. #'
#.~~..##.##.o≈≈.....≈ ##.
#.~..##...##..≈≈≈.≈≈≈ #.$
#.~.##.....'#........ #.$$
#.~.########## ######
#.~.)....o@..## ##.....
#.~~~~~~~~~~..## ##..~~~~
#..........~~..## ##..~~...
##########..~~..###..~~..##
##..~~.....~~..##
##..~~~~~~~..##
##.........## ###########


You could see an orc knight.

Vanquished Creatures
  Grinder (D:5)
  Menkaure (D:5)
  4 orc warriors (Bailey)
  4 hounds
  An iguana (D:6)
  An orc wizard (D:4)
  6 adders
  6 gnolls
  2 white imps (D:5)
  An ufetubus (D:5)
  4 dart slugs
  23 orcs
  8 ball pythons
  4 endoplasms
  5 giant cockroaches
  7 goblins
  4 hobgoblins
  2 quokkas
  6 bats
  5 frilled lizards
  2 kobolds
  7 rats
104 creatures vanquished.

Vanquished Creatures (others)
  An orc wizard (D:3)
1 creature vanquished.

Grand Total: 105 creatures vanquished

Notes
Turn   | Place    | Note
-------+----------+-------------------------------------------
     0 | D:1      | BinkBink the Gargoyle Fighter began the quest for the Orb.
     0 | D:1      | Reached XP level 1. HP: 14/14 MP: 1/1
    83 | D:1      | Reached XP level 2. HP: 18/19 MP: 2/2
   458 | D:1      | Reached XP level 3. HP: 23/23 MP: 3/3
  1130 | D:2      | Reached XP level 4. HP: 7/29 MP: 4/4
  1651 | D:3      | Found a faded altar of an unknown god.
  2072 | D:3      | Found a shimmering blue altar of Sif Muna.
  2145 | D:3      | Found a faded altar of an unknown god.
  2149 | D:3      | Found a radiant altar of Vehumet.
  2489 | D:4      | Reached skill level 1 in Dodging
  2489 | D:4      | Reached XP level 5. HP: 12/33 MP: 5/5
  2781 | D:4      | Found a broken altar of Ashenzari.
  3890 | D:5      | Entered Level 5 of the Dungeon
  3896 | D:5      | Found a hide-covered altar of Uskayaw.
  3962 | D:5      | Noticed Grinder
  3972 | D:5      | Reached XP level 6. HP: 38/38 MP: 6/6
  3979 | D:5      | Paralysed by Grinder for 5 turns
  3988 | D:5      | Paralysed by Grinder for 4 turns
  3996 | D:5      | Killed Grinder
  4263 | D:5      | Reached XP level 7. HP: 44/44 MP: 7/7
  4312 | D:5      | Reached skill level 5 in Shields
  4370 | D:5      | Reached skill level 5 in Fighting
  4370 | D:5      | Reached skill level 5 in Armour
  4603 | D:5      | Found a staircase to the Ecumenical Temple.
  4683 | D:5      | Noticed Menkaure
  4736 | Temple   | Entered the Ecumenical Temple
  4754 | Temple   | Became a worshipper of Hepliaklqana the Forgotten
  4848 | D:5      | Killed Menkaure
  4958 | D:6      | Noticed a two-headed ogre
  5268 | D:6      | You fall into a shaft and drop 2 floors!
  5290 | D:8      | Found a flagged portal.
  5302 | Bailey   | Entered a bailey
  5526 | Bailey   | Identified the -1 kite shield of Somewhere Else {rF+
                  | Slay+2}
  5612 | Bailey   | Noticed an orc knight
  5621 | Bailey   | Noticed an orc knight
  5702 | Bailey   | Reached XP level 8. HP: 33/50 MP: 8/8
  6016 | Bailey   | Mangled by an orc knight

Illustrated notes

Levels and vault maps discovered:
D:1:      minmay_arrival_floating_metal, layout_basic
D:2:      layout_loops_cross
D:3:      layout_basic, led_sif_book, nicolae_overflow_ecumenical_swirl,
          basic_ecumenical_altar, guppyfry_early_lair_pool
D:4:      layout_layer_cave, evilmike_ruin_ashenzari, serial_rivers,
          chequers_serial_rivers_small_a, chequers_serial_rivers_micro_b,
          chequers_serial_rivers_small_a, chequers_serial_rivers_large_a
D:5:      layout_cave_pools, amcnicky_altar_gilded,
          minmay_temple_entry_nine_rooms, uniq_menkaure, uniq_grinder
D:6:      layout_cave_pools, serial_glass, glass_columns_a, glass_columns_b
D:8:      layout_loops_corners, lair_entry_dummy, enter_bailey_2
Temple:   chequers_temple_sunken
Bailey:   bailey_polearm_1, bailey

Skill      XL: |  1  2  3  4  5  6  7 |
---------------+----------------------+-----
Shields        | 4 5 |  5.9
Armour         | 4 5 |  5.9
Fighting       | 4 5 |  5.8
Maces & Flails | 3 4 |  4.8
Dodging        | 1 2 |  2.4

Action                     |  1- 3 |  4- 6 |  7- 9 || total
---------------------------+-------+-------+-------++-------
  Melee: Flail             |   120 |   197 |   137 ||   454
    Use: Potion            |       |       |     7 ||     7
 Armour: Scale mail        |    80 |   151 |    98 ||   329
         Plate armour      |       |       |    37 ||    37
         Skin              |       |       |     3 ||     3
  Dodge: Dodged            |    82 |   110 |    92 ||   284
  Block: Buckler           |    22 |    37 |    29 ||    88
         Kite shield       |       |       |    20 ||    20

Table legend: (Time is in decaauts)
 A = Elapsed time spent in this place.
 B = Non-inter-level travel time spent in this place.
 C = Inter-level travel time spent in this place.
 D = Time resting spent in this place.
 E = Time spent auto-exploring this place.
 F = Levels seen in this place.
 G = Mean time per level.
                   A        B        C        D        E       F      G
               +--------+--------+--------+--------+--------+-----+--------+
         Total |   6173 |   5931 |    242 |    591 |   4039 |   9 |  685.9 |
       Dungeon |   5395 |   5188 |    207 |    371 |   3874 |   7 |  770.7 |
        Temple |     36 |      1 |     35 |      0 |      0 |   1 |   36.0 |
        Bailey |    741 |    741 |      0 |    220 |    165 |   1 |  741.0 |
               +--------+--------+--------+--------+--------+-----+--------+

Top non-repeatable levels by time:
     D:4: 1472 daAuts
     D:5: 1032 daAuts
     D:1: 954 daAuts
     D:3: 818 daAuts
     D:2: 755 daAuts
  Bailey: 741 daAuts
     D:6: 328 daAuts
  Temple: 36 daAuts
     D:8: 33 daAuts
